Map: Submarine LE

Players

ViBE - Winner!

  • Race: Zerg Zerg
  • League: Gold
  • Spawn Location: 5:00

Nuke

  • Race: Terran Terran
  • League: Diamond
  • Spawn Location: 11:00

VOD

Have the link to the VOD?

Description

Time

  • Played on: March 23, 2021, 7:36 p.m.
  • Length: 14:17
Show
View Real Time Build Order
Export as new Build Order

ViBE Zerg - Winner!

Build Orders: Hatch First 

Get SALT Encoding   

  12  0:01  Drone  
  13  0:13  Overlord  
  13  0:19  Drone  
  14  0:32  Drone  
  14  0:33  Drone  
  16  0:51  Hatchery  
  16  0:54  Drone  
  16  0:57  Drone  
  16  0:59  Drone  
  18  1:14  Spawning Pool  
  18  1:16  Drone  
  18  1:21  Drone  
  19  1:31  Drone  
  20  1:41  Extractor  
  20  1:45  Drone  
  20  1:57  Overlord  
  20  2:02  Queen  
  20  2:03  Queen  
  24  2:08  Drone  
  24  2:09  Drone  
  26  2:19  Drone  
  26  2:20  Drone  
  28  2:26  Overlord  
  28  2:27  Drone  
  29  2:33  Drone  
  29  2:36  Drone  
  31  2:41  Queen  
  33  2:46  Lair  
  33  2:47  Drone x2  
  35  3:04  Drone x2  
  37  3:08  Drone  
  37  3:09  Drone  
  39  3:14  Drone x3  
  39  3:17  Drone x2  
  44  3:25  Roach Warren  
  44  3:27  Drone x2, Evolution Chamber  
  43  3:34  Extractor x2  
  43  3:40  Overlord  
  42  3:42  Drone  
  42  3:43  Drone  
  42  3:47  Hatchery  
  43  3:56  Drone  
  43  3:57  Overlord x2  
  43  3:59  Drone x2  
  43  4:00  Drone x3  
  49  4:06  Glial Reconstitution  
  49  4:08  Zerg Missile Weapons Level 1  
  49  4:11  Queen  
  49  4:12  Overlord  
  49  4:13  Overlord  
  53  4:31  Roach x6  
  53  4:33  Roach  
  65  4:39  Drone  
  65  4:40  Drone x2  
  68  4:58  Drone x8  
  76  5:07  Drone x3  
  79  5:17  Drone  
  79  5:18  Drone x2  
  82  5:24  Drone x2  
  82  5:28  Extractor x2  
  82  5:29  Drone x6  
  82  5:33  Hydralisk Den  
  87  5:35  Evolution Chamber  
  86  5:50  Extractor, Drone x4  
  86  5:54  Overlord  
  86  5:55  Overlord x4  
  89  6:02  Hatchery  
  88  6:18  Queen  
  87  6:21  Drone x2  
  87  6:22  Drone  
  87  6:24  Hydralisk x9  
  104  6:27  Grooved Spines  
  104  6:28  Zerg Ground Armor Level 1  
  104  6:29  Zerg Missile Weapons Level 2  
  104  6:48  Hydralisk x5  
  104  6:49  Hydralisk  
  104  6:52  Overlord  
  104  6:53  Overlord x2  
  116  6:55  Hydralisk  
  116  6:56  Hydralisk  
  116  7:00  Drone  
  116  7:01  Drone x3  
  124  7:17  Infestation Pit  
  124  7:19  Drone x11  
  124  7:22  Drone  
  135  7:25  Drone  
  135  7:26  Drone x2  
  138  7:39  Muscular Augments  
  138  7:43  Drone x4  
  142  7:46  Extractor  
  142  7:47  Extractor  
  140  7:53  Overlord x4  
  140  7:55  Hydralisk x6  
  140  7:58  Overseer x2  
  152  8:08  Hatchery  
  151  8:42  Hydralisk x2  
  151  8:43  Hydralisk x14  
  151  8:46  Overlord x3  
  151  8:47  Overlord x2  
  183  8:49  Zerg Ground Armor Level 2  
  183  8:51  Hive  
  183  9:22  Hydralisk  
  183  9:23  Hydralisk x9  
  166  10:24  Hydralisk  
  166  10:25  Hydralisk x19  
  166  10:26  Hydralisk x2  
  198  10:32  Zerg Missile Weapons Level 3  
  172  10:40  Roach x17  
  168  11:02  Hydralisk x5  
  168  11:03  Hydralisk x5  
  168  11:04  Hydralisk  
  190  11:17  Drone x3  
  193  11:25  Extractor x2  
  191  11:34  Hatchery  
  190  11:41  Hydralisk  
  190  11:42  Hydralisk x4  
  200  12:13  Drone x8  
  200  12:14  Drone  
  200  12:15  Drone x2  
  200  12:16  Drone x2  
  171  12:23  Lurker Den  
  171  12:27  Hydralisk  
  171  12:28  Hydralisk x14  
  166  12:31  Roach x2  
  166  12:32  Roach  
  166  12:37  Roach x3  
  162  12:47  Hatchery, Roach x8  
  177  13:04  Hydralisk x7  
  173  13:17  Roach x9  
  173  13:18  Roach  
  173  13:19  Roach  
  175  13:20  Roach  
  177  13:31  Hydralisk x4  
  177  13:32  Hydralisk  
  187  13:36  Extractor  
  187  13:37  Extractor  
  185  13:43  Drone x10  
  185  13:45  Roach x3  
  196  13:50  Hatchery  
  181  14:02  Extractor  
  178  14:04  Drone x3  
Show
View Real Time Build Order
Export as new Build Order

Nuke Terran 

Build Orders:  

Get SALT Encoding   

  12  0:00  SCV  
  13  0:12  SCV  
  14  0:19  Supply Depot  
  14  0:24  SCV  
  15  0:40  SCV  
  15  0:42  Barracks  
  16  0:50  Refinery  
  16  0:52  SCV  
  17  1:05  SCV  
  18  1:17  SCV  
  19  1:29  Orbital Command  
  19  1:31  Marine  
  20  1:45  Command Center  
  20  1:51  Marine  
  20  1:52  Supply Depot  
  21  1:54  SCV  
  22  2:06  SCV  
  23  2:14  Factory  
  23  2:16  Barracks Reactor  
  23  2:18  SCV  
  24  2:25  Refinery  
  24  2:30  SCV  
  25  2:43  SCV  
  26  2:55  SCV  
  26  2:57  Marine x2  
  29  2:59  Factory Tech Lab, Barracks  
  29  3:04  Orbital Command  
  29  3:07  SCV  
  30  3:15  Marine  
  30  3:18  Starport  
  30  3:19  SCV  
  32  3:23  Siege Tank  
  32  3:25  Marine  
  36  3:29  SCV  
  36  3:31  SCV  
  38  3:41  SCV  
  38  3:43  SCV, Marine  
  38  3:44  Marine  
  42  3:53  Barracks Tech Lab, SCV  
  42  3:55  SCV  
  44  4:01  Marine  
  45  4:04  Marine  
  45  4:06  Starport Reactor  
  46  4:14  Supply Depot  
  46  4:15  Supply Depot  
  46  4:18  SCV x2, Siege Tank  
  46  4:19  Marine  
  46  4:21  Marine  
  46  4:22  Marine  
  46  4:23  Stimpack  
  54  4:36  SCV x2  
  56  4:42  Marine x2, Supply Depot  
  56  4:43  Marine  
  56  4:45  Medivac  
  61  4:48  SCV x2  
  61  4:49  Supply Depot  
  63  5:00  SCV x2, Marine x2  
  63  5:02  Marine  
  68  5:12  SCV x2, Supply Depot  
  70  5:18  Marine x2, Command Center  
  70  5:20  Marine  
  73  5:24  SCV x2  
  73  5:26  Refinery  
  73  5:27  Refinery  
  75  5:35  Medivac  
  75  5:36  SCV x2, Marine x2  
  75  5:37  Marine  
  75  5:41  Supply Depot  
  82  5:45  Engineering Bay  
  82  5:49  SCV x2  
  84  5:50  Engineering Bay  
  84  5:54  Marine  
  84  5:55  Marine x2  
  87  6:01  SCV x2  
  89  6:05  Medivac  
  91  6:11  Marine  
  91  6:12  Marine  
  91  6:13  SCV x2, Marine  
  95  6:25  SCV x2  
  93  6:28  Barracks  
  93  6:29  Marine  
  93  6:30  Barracks, Marine, Terran Infantry Weapons Level 1  
  93  6:31  Terran Infantry Armor Level 1, Marine  
  93  6:37  SCV x2  
  93  6:39  Medivac x2  
  99  6:47  Marine  
  99  6:48  Orbital Command, Marine  
  99  6:49  SCV, Marine  
  104  6:54  SCV  
  104  7:01  SCV  
  104  7:05  Marine  
  104  7:06  SCV, Marine  
  104  7:07  Marine  
  109  7:09  Medivac  
  109  7:11  Barracks, Combat Shield  
  109  7:13  SCV, Barracks  
  112  7:18  SCV  
  113  7:23  Marine  
  113  7:25  SCV  
  113  7:27  Marine  
  117  7:30  SCV  
  117  7:33  Supply Depot  
  117  7:36  Barracks Tech Lab x2, Supply Depot  
  117  7:37  Supply Depot  
  117  7:38  Command Center  
  117  7:39  Supply Depot  
  117  7:40  Barracks  
  117  7:44  Barracks  
  117  7:51  Supply Depot  
  117  7:53  Supply Depot  
  117  7:54  Supply Depot  
  117  7:55  SCV x3, Supply Depot  
  120  8:00  Marauder x2  
  120  8:01  Marauder  
  120  8:04  Concussive Shells  
  126  8:07  SCV x3  
  129  8:15  Supply Depot  
  129  8:17  Marine, Supply Depot  
  129  8:19  Refinery, SCV x3  
  133  8:20  Widow Mine, Refinery, Medivac x2  
  133  8:22  Marauder x3  
  145  8:31  SCV x3, Marine  
  151  8:37  Armory  
  149  8:42  Barracks Tech Lab  
  149  8:43  SCV, Marauder x3, Barracks Tech Lab  
  149  8:47  SCV x2  
  158  8:50  Medivac  
  160  8:56  Supply Depot  
  160  8:58  Supply Depot  
  160  8:59  Planetary Fortress, Supply Depot  
  160  9:04  SCV x3, Marauder  
  160  9:05  Barracks  
  160  9:06  Barracks  
  160  9:08  Barracks  
  165  9:17  SCV x2  
  165  9:19  Marauder x4  
  174  9:24  Terran Infantry Weapons Level 2  
  174  9:25  Terran Infantry Armor Level 2  
  174  9:26  Marauder  
  174  9:28  Command Center  
  174  9:29  SCV x2  
  169  9:40  Marauder x2  
  169  9:43  Marauder  
  169  9:44  Marauder  
  177  9:47  Marauder  
  179  9:58  Barracks  
  165  10:00  SCV  
  165  10:02  Marauder x2  
  165  10:05  Marauder x2  
  152  10:08  Marine  
  152  10:09  Marauder, Marine  
  152  10:10  Medivac x2  
  152  10:23  Marauder, Marine  
  152  10:26  SCV, Marine x3  
  152  10:27  Marine  
  156  10:29  Marine  
  156  10:32  Barracks Reactor  
  152  10:38  Barracks Reactor  
  152  10:40  Marine, Medivac  
  149  10:43  Marine  
  149  10:44  Barracks Reactor, Marine x4  
  149  10:47  Marine  
  154  10:58  Marine  
  154  11:01  Marine x2, Medivac  
  154  11:02  Marine x3  
  162  11:05  Marine  
  162  11:07  Refinery  
  162  11:08  Planetary Fortress  
  162  11:09  SCV  
  162  11:10  SCV x2, Medivac  
  168  11:11  Refinery  
  168  11:16  Marine  
  169  11:19  Marine x3  
  169  11:20  Marine x2  
  169  11:23  Refinery  
  174  11:26  Refinery  
  174  11:31  Marauder  
  176  11:33  Marine  
  176  11:34  Marauder, Marine x6  
  176  11:37  Marauder, Marine  
  176  11:38  Marauder x2, Marine  
  193  11:43  Command Center  
  193  11:51  Marine x3  
  193  11:52  Marine  
  197  12:11  Marine x3  
  200  12:20  Marine  
  200  12:21  Marine x9  
  182  12:29  Marine x3  
  168  12:33  Medivac x2  
  160  12:38  Marine  
  160  12:39  Marauder x3, Marine x6  
  157  12:46  Marine  
  157  12:47  Marine  
  155  12:55  Barracks x2  
  155  12:57  Barracks, Marauder x2  
  159  12:59  Barracks  
  159  13:02  Marine  
  159  13:03  Marine x8, Medivac  
  159  13:04  Marine  
  159  13:05  Marine  
  160  13:14  Medivac  
  160  13:18  Marine x2  
  161  13:20  Marine  
  161  13:21  Marine x8  
  161  13:22  Marine x2  
  172  13:33  Medivac  
  174  13:36  Marine x2  
  174  13:38  Marine x2  
  174  13:39  Marine x3  
  174  13:40  Marauder x3  
  187  13:44  Medivac  
  178  13:49  Marine x2  
  178  13:50  Marine  
  178  13:54  Marauder, Marine  
Tags
 
Matchup
TvZ
Player
ViBE
Replay Pack
Gold_League
Spawn Locations
Cross Positions
Add a new tag
Caveats
  • Supply blocks, unpowered buildings, or Contaminate may cause inaccurate times.
  • Supply counts are checked every 10 seconds.